 Dungeon Crawl Stone Soup version 0.30-a0-223-gcb0039aa0c (webtiles) character file.

Game seed: 16303940000411271062

46 freelancePsychic the Vexing (level 3, -1/27 HPs)
             Began as a Demonspawn Hexslinger on Oct 10, 2022.
             Slain by a quokka (3 damage)
             ... on level 3 of the Dungeon.
             The game lasted 00:02:18 (1154 turns).

freelancePsychic the Vexing (Demonspawn Hexslinger) Turns: 1154, Time: 00:02:18

Health: -1/27      AC:  2    Str:  9 (12) XL:     3   Next: 44%
Magic:  4/4        EV: 15    Int: 14      God:
Gold:   64         SH:  0    Dex: 11 (13) Spells: 3/4 levels left

rFire   . . .      SeeInvis .    e - +2 spear (venom)
rCold   . . .      Faith    .    (no shield)
rNeg    . . .      Spirit   .    c - +0 robe
rPois   .          Reflect  .    (no helmet)
rElec   .          Harm     .    (no cloak)
rCorr   .          Rampage  .    (no gloves)
Will    .....                    (no boots)
Stlth   +.........               (no amulet)
HPRegen 0.24/turn                (no ring)
MPRegen 0.09/turn                (no ring)

@: lethally poisoned (-1 -> -1)
A: repulsion field 2
a: no special abilities


You were on level 3 of the Dungeon.
You visited 1 branch of the dungeon, and saw 3 of its levels.

You collected 64 gold pieces.

Inventory:

Hand Weapons
 a - a +1 sling
 e - a +2 spear of venom (weapon)
Missiles
 g - a throwing net
Armour
 c - a +0 robe (worn)
Jewellery
 l - a ring of willpower
 m - an amulet of reflection
 p - a ring of flight
Wands
 k - a wand of paralysis (15)
Scrolls
 b - 2 scrolls of poison
 d - a scroll of teleportation {unknown}
 i - 2 scrolls of identify {unknown}
Potions
 f - a potion of curing {@q1}
 h - a potion of mutation {unknown}
 j - 2 potions of lignification {unknown}
 n - a potion of heal wounds {unknown}
 o - a potion of brilliance {unknown}


   Skills:
 + Level 2.1 Fighting
 * Level 1.2 Polearms
 - Level 1.7 Ranged Weapons
 - Level 1.7 Dodging
 - Level 1.0 Spellcasting
 - Level 3.3 Hexes
 - Level 1.0 Fire Magic


You had 3 spell levels left.
You knew the following spells:

 Your Spells              Type           Power      Damage    Failure   Level
a - Slow                  Hex            40%        N/A       7%          1

Your spell library contained the following spells:

 Spells                   Type           Power      Damage    Failure   Level
 Inner Flame              Hex/Fire       6%         N/A       32%         3
 Portal Projectile        Hex/Tloc       10%        N/A       36%         3
 Cause Fear               Hex            5%         N/A       54%         4


Dungeon Overview and Level Annotations

Branches:
Dungeon (3/15)

Altars:

Shops:
D:1 [


Innate Abilities, Weirdness & Mutations

You are surrounded by a moderate repulsion field. (EV +3)


Message History

You are too injured to fight recklessly!
You are too injured to fight recklessly!
You are too injured to fight recklessly!
You are too injured to fight recklessly!
You are too injured to fight recklessly!
You are too injured to fight recklessly!
You are too injured to fight recklessly!
You are too injured to fight recklessly!
You are too injured to fight recklessly!
You are too injured to fight recklessly!
You hit the adder.
The adder is poisoned.
The adder is moderately wounded.
The quokka completely misses you. The adder bites you.
You hit the adder.
The adder is severely wounded.
The quokka misses you. The adder bites you. The quokka completely misses you.
You miss the adder.
The adder is severely wounded.
The adder completely misses you. The quokka bites you. The adder bites you.
You are poisoned.
The adder poisons you!
You closely miss the adder.
The adder is almost dead.
You feel sick. The quokka closely misses you. The adder barely misses you.
You hit the adder.
You kill the adder!
You feel sick. The quokka bites you.
* * * LOW HITPOINT WARNING * * *
You feel your intelligence returning.
You hit the quokka.
The quokka is poisoned.
The quokka is heavily wounded.
You feel sick. The quokka barely misses you.
You barely miss the quokka. You punch the quokka.
The quokka is severely wounded.
You feel sick. The quokka closely misses you. x2
You closely miss the quokka.
The quokka is severely wounded.
* * * LOW HITPOINT WARNING * * *
You feel sick. The quokka bites you.
You die...

.# ##.# #####
.#.## ###....
..... ......
...
...####.####
#.#...r$..#.#
#....@.......
#<.....##.#.#
######.# .#
.# .. ##


You could see a quokka (very poisoned).

Vanquished Creatures
  2 adders
  A worm (D:2)
  4 dart slugs
  2 endoplasms (D:2)
  2 goblins
  2 hobgoblins
  A kobold (D:1)
  A quokka (D:2)
  A bat (D:2)
  3 frilled lizards
19 creatures vanquished.

Notes
Turn   | Place    | Note
-------+----------+-------------------------------------------
     0 | D:1      | freelancePsychic the Demonspawn Hexslinger began the quest
                  | for the Orb.
     0 | D:1      | Reached XP level 1. HP: 15/15 MP: 2/2
    68 | D:1      | Found Jedduh's Armour Emporium.
   152 | D:1      | You fall into a shaft and drop 1 floor!
   160 | D:2      | Gained mutation: You are surrounded by a mild repulsion
                  | field. (EV +2) [demonic ancestry]
   160 | D:2      | Reached XP level 2. HP: 21/21 MP: 3/3
   292 | D:2      | Reached skill level 1 in Fire Magic
   358 | D:2      | Gained mutation: You are surrounded by a moderate repulsion
                  | field. (EV +3) [demonic ancestry]
   358 | D:2      | Reached XP level 3. HP: 16/27 MP: 4/4
   627 | D:2      | Reached skill level 1 in Polearms
  1154 | D:3      | Slain by a quokka

Illustrated notes

Levels and vault maps discovered:
D:1:      lightli_arrival_flooded_house, layout_rooms, serial_shops, shop
D:2:      layout_basic, minmay_tiny_reverse_x
D:3:      layout_basic, nicolae_overflow_ecumenical_swirl, marbit_many_paths,
          hellmonk_ecumenical_altar_inner_sanctum, uniq_crazy_yiuf_cottage,
          uniq_natasha

Skill      XL: |  1  2  3 |
---------------+----------+-----
Fire Magic     | 1 |  1.0
Fighting       | 2 |  2.1
Polearms       | 1 |  1.2
Ranged Weapons | |  1.7
Dodging        | |  1.7
Spellcasting   | |  1.0
Hexes          | |  3.3

Action                   || total
-------------------------++-------
Melee: Spear             ||    29
       Punch             ||     1
 Fire: Sling             ||    47
  Use: Potion            ||     3
 Stab: Sleeping          ||     1
Armor: Robe              ||     2
Dodge: Dodged            ||    41

Table legend: (Time is in decaauts)
 A = Elapsed time spent in this place.
 B = Non-inter-level travel time spent in this place.
 C = Inter-level travel time spent in this place.
 D = Time resting spent in this place.
 E = Time spent auto-exploring this place.
 F = Levels seen in this place.
 G = Mean time per level.
                   A        B        C        D        E       F      G
               +--------+--------+--------+--------+--------+-----+--------+
         Total |   1169 |   1094 |     75 |      0 |    914 |   3 |  389.7 |
       Dungeon |   1169 |   1094 |     75 |      0 |    914 |   3 |  389.7 |
               +--------+--------+--------+--------+--------+-----+--------+

Top non-repeatable levels by time:
     D:2: 966 daAuts
     D:1: 189 daAuts
     D:3: 14 daAuts
